Map: Terrasses de Prion

Players

zidar

  • Race: Zerg Zerg
  • League: Silver
  • Spawn Location: 11:00

Rastaludo - Winner!

  • Race: Terran Terran
  • League: Silver
  • Spawn Location: 5:00

VOD

Have the link to the VOD?

Description

Time

  • Played on: Feb. 15, 2016, 2:18 p.m.
  • Length: 9:52
Show
View Real Time Build Order
Export as new Build Order

zidar Zerg 

Build Orders: Pool First 

Get SALT Encoding   

  12  0:01  Drone  
  13  0:12  Overlord  
  13  0:17  Drone  
  14  0:30  Drone x2  
  14  0:34  Drone  
  17  0:47  Spawning Pool  
  17  0:49  Drone  
  17  1:11  Hatchery  
  17  1:15  Drone  
  17  1:24  Drone  
  18  1:27  Overlord  
  18  1:35  Queen  
  20  1:51  Extractor  
  19  1:54  Drone  
  19  1:55  Drone x2  
  22  2:10  Zergling x2  
  22  2:14  Queen  
  24  2:17  Zergling x2  
  25  2:32  Zergling x2  
  26  2:48  Drone x7  
  33  3:15  Baneling Nest  
  33  3:18  Metabolic Boost  
  32  3:27  Overlord x2  
  32  3:39  Zergling x6  
  32  3:40  Zergling x2  
  36  3:47  Overlord x2  
  36  4:06  Baneling x2  
  36  4:07  Baneling x3  
  36  4:13  Extractor, Drone x3  
  36  4:16  Queen  
  40  4:18  Overlord  
  40  4:20  Queen  
  42  4:48  Drone x8  
  42  4:49  Hatchery  
  49  4:57  Overlord  
  49  4:58  Overlord x2  
  49  5:00  Zergling x6  
  49  5:01  Zergling x4  
  54  5:25  Roach Warren  
  52  5:42  Lair  
  52  5:49  Extractor  
  51  5:55  Extractor  
  50  6:15  Roach x5  
  50  6:16  Roach  
  62  6:42  Centrifical Hooks  
  62  6:49  Spire  
  61  6:59  Evolution Chamber  
  61  7:01  Roach x5, Evolution Chamber  
  62  7:03  Zergling x2  
  62  7:04  Zergling x28  
  84  7:21  Ravager x3  
  87  7:31  Baneling x2  
  87  7:35  Baneling  
  87  8:02  Extractor  
  86  8:06  Extractor  
  85  8:15  Pneumatized Carapace  
  73  8:53  Ravager  
  73  8:54  Ravager x3  
  44  8:58  Zergling x2  
  44  8:59  Zergling x42  
  44  9:00  Zergling x16  
  62  9:21  Baneling x11  
  62  9:22  Baneling  
  62  9:23  Baneling x9  
Show
View Real Time Build Order
Export as new Build Order

Rastaludo Terran - Winner!

Build Orders: Reaper Expand 

Get SALT Encoding   

  12  0:01  SCV  
  13  0:13  SCV  
  14  0:20  Supply Depot  
  14  0:25  SCV  
  15  0:41  SCV  
  16  0:44  Barracks  
  16  0:50  Refinery  
  16  0:53  SCV  
  17  1:05  SCV  
  18  1:18  SCV  
  19  1:34  Reaper  
  20  1:41  Command Center  
  20  1:42  SCV  
  21  1:50  Supply Depot  
  21  1:54  SCV  
  22  2:12  Orbital Command  
  22  2:16  Marine  
  23  2:42  Factory  
  23  2:45  Barracks Reactor  
  23  2:46  Refinery, SCV  
  24  2:58  SCV  
  25  3:09  Orbital Command  
  25  3:10  SCV  
  25  3:22  SCV  
  26  3:30  Barracks  
  26  3:37  SCV x2, Starport  
  26  3:38  Barracks  
  28  3:42  Marine x2  
  28  3:48  Factory Tech Lab  
  30  3:57  Engineering Bay  
  30  4:00  SCV x2  
  32  4:06  Refinery  
  32  4:08  Refinery, Engineering Bay  
  32  4:10  Siege Tank  
  32  4:12  SCV  
  32  4:13  SCV  
  37  4:18  Marine x2  
  37  4:21  Barracks Tech Lab  
  37  4:22  Medivac  
  41  4:26  Terran Infantry Weapons Level 1  
  41  4:31  Supply Depot  
  41  4:32  SCV x2  
  41  4:37  Barracks Tech Lab, Supply Depot  
  43  4:41  Barracks  
  43  4:44  SCV x2  
  45  4:51  Marine  
  46  4:53  Marine, Marauder  
  46  4:58  Supply Depot  
  46  4:59  Terran Infantry Armor Level 1  
  49  5:00  Supply Depot  
  49  5:01  Combat Shield  
  49  5:08  SCV x2  
  51  5:20  SCV x2  
  53  5:24  Stimpack  
  53  5:28  Armory  
  53  5:31  Marine x2  
  53  5:32  SCV x2  
  57  5:42  Marine x2  
  59  5:44  SCV  
  59  5:45  Medivac  
  59  5:47  Barracks Reactor  
  59  5:49  Barracks, SCV  
  63  5:56  SCV  
  64  6:00  Marauder  
  64  6:03  Supply Depot  
  66  6:04  Marine x2  
  66  6:05  Marine, Supply Depot  
  69  6:12  SCV x2  
  71  6:21  Marine  
  71  6:22  Marine x3  
  71  6:25  Marine x2  
  76  6:28  Terran Infantry Weapons Level 2  
  76  6:31  Supply Depot  
  77  6:33  Supply Depot  
  77  6:38  Supply Depot  
  77  6:39  Marauder  
  79  6:40  Barracks Reactor  
  79  6:41  Marine x2, Marauder  
  79  6:43  Marine x2  
  85  6:56  Command Center  
  85  7:02  SCV  
  85  7:03  SCV  
  85  7:08  Marine, Marauder x2  
  91  7:09  Marine  
  91  7:12  Concussive Shells  
  91  7:13  Terran Infantry Armor Level 2  
  93  7:19  Supply Depot x2  
  93  7:26  SCV x2  
  95  7:36  Medivac  
  97  7:38  SCV x2  
  97  7:39  Marine x3  
  97  7:40  Marine x3  
  97  7:41  Marine  
  97  7:42  Marauder  
  108  7:45  Supply Depot  
  108  7:50  SCV x2  
  110  7:57  Marine  
  111  7:59  Marine, Marauder  
  111  8:00  Marine x3  
  111  8:03  Marauder  
  119  8:06  Medivac  
  119  8:09  Command Center, Supply Depot  
  121  8:15  Supply Depot  
  121  8:27  Marine  
  121  8:28  Marine x3  
  121  8:29  Marine x2  
  121  8:30  Marauder  
  121  8:31  Marauder  
  124  8:52  Marauder x2  
  113  8:57  Marine  
  113  8:58  Marine x5  
  119  9:13  Marine x2  
  119  9:15  Marine x5  
  119  9:16  Marine  
  127  9:30  Marine  
  127  9:31  Marine  
  129  9:33  Marine x4  
Tags
 
Add a new tag
Caveats
  • Supply blocks, unpowered buildings, or Contaminate may cause inaccurate times.
  • Supply counts are checked every 10 seconds.